 Dungeon Crawl Stone Soup version 0.17-a0-1510-gb3fb22e (webtiles) character file.

728 Goblin1989 the Martial Artist (level 7, -1/35 HPs)
             Began as a Vine Stalker Monk on July 11, 2015.
             Was an Initiate of Ru.
             Slain by a worker ant (3 damage)
             ... on level 4 of the Dungeon.
             The game lasted 00:16:05 (3366 turns).

Goblin1989 the Martial Artist (Vine Stalker Monk)   Turns: 3366, Time: 00:16:05

Health: -1/35      AC:  5    Str: 16      XL:     7   Next: 72%
Magic:  0/8        EV: 11    Int: 10      God:    Ru [......]
Gold:   193        SH:  0    Dex: 13 (16) Spells: 0 memorised, 6 levels left

rFire  . . .     SeeInvis .       - Unarmed
rCold  . . .     Clarity  .     t - +0 ring mail
rNeg   . . .     SustAt   .     (no shield)
rPois  .         Gourm    .     (no helmet)
rElec  .         Spirit   +     (no cloak)
rCorr  .         Warding  .     (no gloves)
rMut   .         Stasis   .     (no boots)
MR     .....                    (no amulet)
Stlth  +.........               (no ring)
                                (no ring)

@: lethally poisoned (-1 -> -1), not resistant to hostile enchantments, very
unstealthy
A: fangs 2, regeneration 2, magic shield, antimagic bite, no device heal 3, rot
immunity, disrupted magic 1
a: Renounce Religion


You were on level 4 of the Dungeon.
You worshipped Ru.
Ru was noncommittal.
You were not hungry.

You visited 1 branch of the dungeon, and saw 5 of its levels.

You collected 193 gold pieces.

Inventory:

Armour
 t - a +0 ring mail (worn)
Jewellery
 m - an uncursed ring of magical power {unknown}
Scrolls
 d - a scroll of noise {unknown}
 e - a scroll of fear {unknown}
 g - 4 scrolls of identify {unknown}
 j - 3 scrolls of remove curse {unknown}
 k - a scroll of blinking {unknown}
 l - a scroll of amnesia {unknown}
 n - a scroll of teleportation {unknown}
 q - a scroll of random uselessness {unknown}
Potions
 a - 3 potions of poison
 c - a potion of curing
Books
 p - a book of Alchemy

   Spells                             Type                      Level
   a - Sublimation of Blood           Necromancy                   2
   b - Ignite Poison                  Fire/Transmutation/Poison    3
   c - Alistair's Intoxication        Transmutation/Poison         4
   d - Condensation Shield            Ice                          4
   e - Petrify                        Transmutation/Earth          4
   f - Irradiate                      Conjuration/Transmutation    5
Comestibles
 b - 2 bread rations
 f - a meat ration
 h - 3 chunks of flesh


   Skills:
 - Level 2.6 Fighting
 + Level 3.5 Armour
 - Level 2.4 Dodging
 - Level 2.4 Stealth
 + Level 8.0 Unarmed Combat


You had 6 spell levels left.
You didn't know any spells.

Dungeon Overview and Level Annotations

Branches:
Dungeon (5/15)             Temple (0/1) D:4

Altars:
Gozag
Okawaru
Ru
Vehumet
Yredelemnul
Zin

Shops:
D:2 *

Annotations:
D:5 4thArraOfDagon's ghost, weakling CeAE


Innate Abilities, Weirdness & Mutations

You have extremely sharp teeth.
You heal very quickly.
When hurt, damage is shared between your health and your magic reserves.
Your bite disrupts and absorbs the magic of your enemies.
Potions and wands cannot restore your health.
You are immune to rotting.
Your casting is slightly disrupted.


Message History

You hit the slave.
You kill the slave!
That felt strangely unrewarding.
The worker ant closely misses you.
You closely miss the worker ant. You bite the worker ant. You drain its power.
You feel invigorated.
The worker ant is moderately wounded.
The worker ant bites you but does no damage.
You hit the worker ant but do no damage.
The worker ant is moderately wounded.
You closely miss the worker ant.
You bite the worker ant, but do no damage.
The worker ant is moderately wounded.
You feel sick. The worker ant bites you!
* * * LOW HITPOINT WARNING * * *
The worker ant bites you.
* * * LOW HITPOINT WARNING * * *
You closely miss the worker ant.
The worker ant is moderately wounded.
The worker ant bites you.
You die...

#.# #.
.g.####.#####.# #)
.ap.r.........# #.
#...##### #.
#.#.........#####.
#...#.............
#†###......≈≈≈≈≈..
.#
#a##....(≈≈≈≈≈≈≈≈≈
.#
#@##...≈≈≈≈≈≈≈≈≈≈≈
.#
#.##..≈≈≈≈≈≈≈≈≈≈≈≈
.#
#.##..≈≈≈≈≈≈...≈≈≈
.#
#.....≈≈≈≈≈≈.>.≈≈≈
.#
####..≈≈≈≈≈≈...≈≈≈
†###
#...≈≈≈≈≈≈≈≈≈≈≈
#..
##....≈≈≈≈≈≈≈≈≈
#.##
#......≈≈≈≈≈..
...#
#.............


You could see a worker ant.

Vanquished Creatures
  Grinder (D:5)
  2 slaves (D:4)
  A sky beast (D:5)
  An ogre (D:5)
  An orc priest (D:5)
  2 orc wizards
  2 worker ants (D:4)
  A killer bee zombie (D:3)
  A hound zombie (D:5)
  6 adders
  2 oozes
  4 worms
  3 giant geckos
  6 orcs
  7 bats
  8 giant cockroaches
  12 goblins
  15 hobgoblins
  5 jackals
  9 kobolds
  2 quokkas
  4 giant newts
  10 rats
105 creatures vanquished.

Notes
Turn   | Place    | Note
--------------------------------------------------------------
     0 | D:1      | Goblin1989 the Vine Stalker Monk began the quest for the Orb.
     0 | D:1      | Reached XP level 1. HP: 11/11 MP: 2/2
    83 | D:1      | Reached XP level 2. HP: 13/16 MP: 1/3
   477 | D:1      | Reached XP level 3. HP: 16/19 MP: 4/4
   543 | D:1      | Reached skill level 5 in Unarmed Combat
   938 | D:2      | Found an iron altar of Okawaru.
  1107 | D:2      | Reached XP level 4. HP: 23/23 MP: 3/5
  1275 | D:2      | Found a radiant altar of Vehumet.
  1602 | D:2      | Reached skill level 6 in Unarmed Combat
  1609 | D:2      | Found an opulent altar of Gozag.
  1613 | D:2      | Found Gozag's Platinum Reserve.
  1800 | D:3      | Reached XP level 5. HP: 19/27 MP: 4/6
  1898 | D:3      | Found a sacrificial altar of Ru.
  1919 | D:3      | Became a worshipper of Ru the Awakened
  1925 | D:3      | Gained mutation: Your casting is slightly disrupted. [Ru sacrifice]
  2457 | D:3      | Found a glowing silver altar of Zin.
  2570 | D:4      | Reached skill level 1 in Armour
  2729 | D:4      | Noticed a slave
  2763 | D:5      | Entered Level 5 of the Dungeon
  2784 | D:5      | Gained mutation: You heal very quickly. [Vine Stalker growth]
  2784 | D:5      | Reached XP level 6. HP: 15/32 MP: 4/7
  2893 | D:5      | Noticed Grinder
  2908 | D:5      | Paralysed by Grinder for 2 turns
  2913 | D:5      | Killed Grinder
  2913 | D:5      | Reached skill level 7 in Unarmed Combat
  2913 | D:5      | Reached XP level 7. HP: 31/35 MP: 8/8
  2946 | D:5      | Noticed a sky beast
  2949 | D:5      | Noticed an ogre
  2963 | D:5      | Killed an ogre
  2965 | D:5      | Killed a sky beast
  3053 | D:5      | Noticed 4thArraOfDagon's ghost (weakling CeAE)
  3144 | D:4      | Killed a slave
  3202 | D:4      | Found a basalt altar of Yredelemnul.
  3276 | D:4      | Found a staircase to the Ecumenical Temple.
  3318 | D:4      | Noticed a slave
  3342 | D:4      | Reached skill level 8 in Unarmed Combat
  3362 | D:4      | Killed a slave
  3366 | D:4      | Slain by a worker ant

Vault maps used:
D:1:      dpeg_arrival_round_a
D:2:      nicolae_gozag_zags_fifth_avenue, lemuel_crystal_altar,
          lemuel_doored_altar, first_bread
D:3:      nicolae_ru_awakened_eye, zin_scriptorium
D:4:      lemuel_coloured_pillars_altar, temple_pool_b, uniq_pikel
D:5:      serial_shops, shop, kennysheep_small_spiral, uniq_grinder,
          uniq_menkaure

Action                   |  1- 3 |  4- 6 |  7- 9 || total
-------------------------+-------+-------+-------++-------
Melee: Unarmed           |   103 |   176 |    91 ||   370
Invok: Sacrifice Essence |       |     1 |       ||     1
  Use: Potion            |       |     8 |     1 ||     9
 Stab: Sleeping          |     8 |    10 |       ||    18
       Invisible         |       |     1 |       ||     1
  Eat: Chunk             |     1 |     3 |       ||     4
       Royal jelly       |       |     1 |       ||     1
       Meat ration       |       |       |     1 ||     1
